 Dungeon Crawl Stone Soup version 0.30-a0-553-g7fabdf1491 (webtiles) character file.

Game seed: 13442479429683260318

169 Jase the Sneak (level 5, 0/34 HPs)
             Began as an Octopode Brigand on Dec 26, 2022.
             Slain by Crazy Yiuf
             ... wielding a +4 quarterstaff of chaos
              (13 damage)
             ... on level 3 of the Dungeon.
             The game lasted 00:05:19 (2206 turns).

Jase the Sneak (Octopode Brigand)                   Turns: 2206, Time: 00:05:20

Health: 0/34       AC:  1    Str: 10    XL:     5   Next: 50%
Magic:  5/5        EV: 14    Int: 14    God:
Gold:   197        SH:  0    Dex: 15    Spells: 4/4 levels left

rFire   . . .      SeeInvis .    a - +2 dagger
rCold   . . .      Faith    .    (no shield)
rNeg    . . .      Spirit   .    (helmet restricted)
rPois   .          Reflect  .    (no amulet)
rElec   .          Harm     .    l - ring of wizardry
rCorr   .          Rampage  .    (no ring)
Will    .....                    (no ring)
Stlth   ++++                     (no ring)
HPRegen 0.25/turn                (no ring)
MPRegen 0.09/turn                (no ring)
                                 (no ring)
                                 (no ring)

@: no status effects
A: almost no armour, amphibious, 8 rings, camouflage 1, gelatinous body 1,
(nimble swimmer 1), tentacles
a: no special abilities


You were on level 3 of the Dungeon.
You visited 1 branch of the dungeon, and saw 3 of its levels.

You collected 197 gold pieces.

Inventory:

Hand Weapons
 a - a +2 dagger (weapon)
Missiles
 b - 22 poisoned darts
 c - a curare-tipped dart (quivered)
 e - a throwing net
 q - 3 boomerangs of dispersal
Armour
 g - an orb of light
Jewellery
 l - a ring of wizardry (left tentacle)
Scrolls
 d - 2 scrolls of enchant weapon {unknown}
 f - 2 scrolls of identify {unknown}
 h - a scroll of brand weapon {unknown}
 i - 2 scrolls of fog {unknown}
 k - a scroll of amnesia {unknown}
 n - a scroll of poison {unknown}
Potions
 j - a potion of heal wounds {unknown}
 m - a potion of mutation {unknown}
 o - a potion of degeneration {unknown}
 p - 2 potions of flight {unknown}


   Skills:
 - Level 2.0 Fighting
 + Level 3.2 Short Blades
 - Level 3.0 Throwing
 + Level 2.7 Dodging
 + Level 6.6 Stealth


You had 4 spell levels left.
You didn't know any spells.
Your spell library contained the following spells:

 Spells                   Type           Power      Damage    Failure   Level
 Borgnjor's Revivificati  Necr           0%         N/A       100%        8
 Necromutation            Tmut/Necr      0%         N/A       100%        8
 Death's Door             Necr           0%         N/A       100%        9


Dungeon Overview and Level Annotations

Branches:
Dungeon (3/15)

Altars:

Annotations:
D:3 Crazy Yiuf


Innate Abilities, Weirdness & Mutations

You cannot wear most types of armour.
You are amphibious.
You can wear up to eight rings at the same time.
Your skin changes colour to match your surroundings (Stealth+).
Your rubbery body absorbs attacks. (AC +1, EV +1)
((You are camouflaged when in or above water. (Stealth+)))
You have tentacles for arms and can constrict up to eight enemies at once.


Message History

Okay, then.
Unknown command.
There is an open door here.
There is an open door here.
You open the door.
There is an open door here.
There is a stone staircase leading down here.
A frilled lizard comes into view.
The frilled lizard hisses angrily.
The frilled lizard bites you but does no damage.
You hit the frilled lizard. Your grab misses the frilled lizard.
Your squeeze misses the frilled lizard.
The frilled lizard is heavily wounded.
The frilled lizard hisses.
The frilled lizard closely misses you.
You hit the frilled lizard.
You kill the frilled lizard!
Found a hammer.
Found a runed translucent door.
You open the door.
Crazy Yiuf shouts!
Throw: 3 darts (curare)
Press: ? - help, Q - select action, (/) - cycle Shift-Dir - straight line, f - Crazy Yiuf
Aim: Crazy Yiuf, wielding a +4 quarterstaff of chaos and wearing a +0 cloak (64% to hit)
You throw a curare-tipped dart.
The curare-tipped dart barely misses Crazy Yiuf.
Throw: 2 darts (curare)
Press: ? - help, Q - select action, (/) - cycle Shift-Dir - straight line, f/p - Crazy Yiuf
Aim: Crazy Yiuf, wielding a +4 quarterstaff of chaos and wearing a +0 cloak (64% to hit)
You throw a curare-tipped dart.
The curare-tipped dart completely misses Crazy Yiuf.
You hit Crazy Yiuf. You grab Crazy Yiuf.
Crazy Yiuf is lightly wounded.
You constrict Crazy Yiuf.
Crazy Yiuf hits you with a +4 quarterstaff of chaos!
Crazy Yiuf freezes you!
You hit Crazy Yiuf. You squeeze Crazy Yiuf.
Crazy Yiuf is heavily wounded.
You constrict Crazy Yiuf, but do no damage.
Crazy Yiuf hits you with a +4 quarterstaff of chaos!
You die...

#......).# ##.#
#........# #.##
#........# #..#
#...###### ##.##
#...# #..# #...#
##.# ##### ###
♣♣###.# #)..#♣♣
♣♣.....#
#.((g@♣♣♣♣......#
#...#♣..♣......##
### ♣♣♣.♣....##
♣♣♣♣♣###


You could see Crazy Yiuf.

Vanquished Creatures
  An orc priest (D:3)
  4 gnolls
  3 adders
  A worm (D:2)
  3 dart slugs (D:1)
  6 orcs (D:3)
  5 ball pythons
  7 endoplasms
  4 goblins
  A hobgoblin (D:3)
  4 quokkas
  10 bats
  3 frilled lizards
  4 kobolds
  10 rats
66 creatures vanquished.

Notes
Turn   | Place    | Note
-------+----------+-------------------------------------------
     0 | D:1      | Jase the Octopode Brigand began the quest for the Orb.
     0 | D:1      | Reached XP level 1. HP: 14/14 MP: 1/1
    72 | D:1      | Reached XP level 2. HP: 12/19 MP: 2/2
   156 | D:1      | Reached XP level 3. HP: 24/24 MP: 3/3
   230 | D:1      | Found a faded altar of an unknown god.
   871 | D:2      | Reached XP level 4. HP: 29/29 MP: 4/4
   947 | D:2      | Reached skill level 6 in Stealth
  1588 | D:3      | Reached XP level 5. HP: 33/34 MP: 5/5
  2198 | D:3      | Found a runed translucent door.
  2199 | D:3      | Noticed Crazy Yiuf
  2206 | D:3      | Slain by Crazy Yiuf

Illustrated notes

Levels and vault maps discovered:
D:1:      minmay_arrival_solitary_statue, layout_basic,
          ebering_ecumenical_altar_mist
D:2:      layout_loops_ring
D:3:      layout_basic, minmay_cut_off, uniq_crazy_yiuf_cottage

Skill      XL: |  1  2  3  4 |
---------------+-------------+-----
Dodging        | 2 |  2.7
Stealth        | 6 |  6.6
Throwing       | 3 |  3.0
Short Blades   | 3 |  3.2
Fighting       | |  2.0

Action                   |  1- 3 |  4- 6 || total
-------------------------+-------+-------++-------
Melee: Dagger            |    61 |    64 ||   125
       Constrict         |    12 |    18 ||    30
       Tentacles         |     7 |    18 ||    25
Throw: Dart              |       |     2 ||     2
 Stab: Sleeping          |    14 |     8 ||    22
Armor: Skin              |     4 |     3 ||     7
Dodge: Dodged            |    38 |    26 ||    64

Table legend: (Time is in decaauts)
 A = Elapsed time spent in this place.
 B = Non-inter-level travel time spent in this place.
 C = Inter-level travel time spent in this place.
 D = Time resting spent in this place.
 E = Time spent auto-exploring this place.
 F = Levels seen in this place.
 G = Mean time per level.
                   A        B        C        D        E       F      G
               +--------+--------+--------+--------+--------+-----+--------+
         Total |   2188 |   2101 |     87 |    107 |   1521 |   3 |  729.3 |
       Dungeon |   2188 |   2101 |     87 |    107 |   1521 |   3 |  729.3 |
               +--------+--------+--------+--------+--------+-----+--------+

Top non-repeatable levels by time:
     D:3: 837 daAuts
     D:2: 695 daAuts
     D:1: 656 daAuts
